[Event "Late-Titled-Tuesday-Blitz-October-24-2023"]
[Site "Chess.com"]
[Date "2023.10.24"]
[Round "4"]
[White "Mariia89"]
[Black "becemix"]
[Result "1-0"]
[WhiteElo "2194"]
[BlackElo "2370"]
[TimeControl "180+1"]
[EndTime "14:40:01 PDT"]
[Termination "Mariia89 won on time"]

1. d4 e6 2. Nf3 Nf6 3. Bg5 d5 4.
e3 Nbd7 5. Bd3 Be7 6. c3 c5 7.
Nbd2 O-O 8. Ne5 cxd4 9. exd4 h6 10. Bh4 Nxe5 11. dxe5 Nd7 12. Bg3 Nc5 13. Bc2 d4 14.
cxd4 Qxd4 15. O-O Qxb2 16. Nc4 Qc3 17. Nd6 Rd8 18. Rc1 Qb4 19. Qf3 Bxd6 20. exd6 Nd7 21. Rfd1 Nf6 22. Be5 Qg4 23. Qd3 Kf8 24. h3 Qg5 25. Bxf6 gxf6 26. Qh7 Qg7 27. Qd3 Bd7 28. Bb3 Bc6 29. g3 Qg5 30. Rc4 Qg6 31. Qd2 Qf5 32.
Rf4 Qc5 33. Rg4 h5 34. Qh6+ Ke8 35. d7+ Bxd7 36. Rg7 1-0

[Event "Late-Titled-Tuesday-Blitz-October-24-2023"]
[Site "Chess.com"]
[Date "2023.10.24"]
[Round "4"]
[White "Elsa167"]
[Black "Apocalyps999"]
[Result "1-0"]
[WhiteElo "2903"]
[BlackElo "2331"]
[TimeControl "180+1"]
[EndTime "14:40:02 PDT"]
[Termination "Elsa167 won on time"]

1. d4 Nf6 2. c4 e6 3. Nf3 d5 4. Nc3 Be7 5. g3 O-O 6. Bg2 dxc4 7.
Ne5 Nc6 8. Bxc6 bxc6 9. Nxc6 Qe8 10.
Nxe7+ Qxe7 11. Qa4 c5 12. dxc5 Qxc5 13. Be3 Qc7 14.
f3 Bb7 15. Qa3 Nd5 16. Nxd5 Bxd5 17. Qc3 a5 18. Bd4 f5 19. O-O Qb7 20. Rad1 a4 21.
a3 h6 22. Qe3 Kh7 23. Bc3 Qf7 24. Qe5 Ra7 25. Rd2 Rd7 26. Rfd1 Rfd8 27. Ba5 Ra8 28. Bc3 Rad8 29. Rd4 Bc6 30. Kf2 Rxd4 31. Rxd4 Rxd4 32. Bxd4 Bd5 33. h3 g5 34. Qh8+ Kg6 35. g4 Bc6 36. Qd8 h5 37. gxh5+ Kxh5 38. Qh8+ Kg6 39. h4 gxh4 40.
Qxh4 Bd5 41. Kg3 Bc6 42. Kf4 Bd5 43. Qg5+ Kh7 44. Be5 Qg6 45. Qe7+ Kh6 46. Ke3 Qg5+ 47. Bf4 1-0

[Event "Late-Titled-Tuesday-Blitz-October-24-2023"]
[Site "Chess.com"]
[Date "2023.10.24"]
[Round "4"]
[White "HeroRubiksCube"]
[Black "Nick12772"]
[Result "0-1"]
[WhiteElo "2532"]
[BlackElo "2383"]
[TimeControl "180+1"]
[EndTime "14:40:02 PDT"]
[Termination "Nick12772 won by resignation"]

1. e4 e6 2. d3 d5 3. Nd2 Nc6 4. g3 Nf6 5. Bg2 dxe4 6. dxe4 e5 7. Ngf3 Bc5 8. O-O O-O 9. c3 a5 10. Qc2 Qe7 11. Nb3 Bb6 12. Bg5 h6 13. Bxf6 Qxf6 14.
Nbd2 Be6 15. Rfd1 Rfd8 16. b3 Rd7 17. Nf1 Rad8 18. h4 Bg4 19. N1h2 Be6 20. Rxd7 Rxd7 21. Rd1 Qd8 22. Rxd7 Qxd7 23. Qe2 Qd6 24. h5 Qc5 25.
Qd2 Kh7 26. Nh4 Ne7 27. Nf1 Qd6 28. Qxd6 cxd6 29. Nd2 Kg8 30. Kf1 a4 31. c4 axb3 32. axb3 Kf8 33. Ke2 Ke8 34. f4 f6 35. Bf3 Nc6 36. Ng2 Nd4+ 37. Kd3 Ba5 38. Bd1 Bxd2 39. Kxd2 Bf7 40. Ne3 Kd7 41. Kd3 Kc6 42. b4 b5 43. fxe5 dxe5 44. Nd5 bxc4+ 45. Kxc4 Kd6 46. b5 f5 47. b6 fxe4 48. b7 Bxd5+ 0-1

[Event "Late-Titled-Tuesday-Blitz-October-24-2023"]
[Site "Chess.com"]
[Date "2023.10.24"]
[Round "4"]
[White "Chempiblinka"]
[Black "Championnn-9"]
[Result "0-1"]
[WhiteElo "2311"]
[BlackElo "2505"]
[TimeControl "180+1"]
[EndTime "14:40:02 PDT"]
[Termination "Championnn-9 won on time"]

1. Nf3 Nf6 2. g3 g6 3. Bg2 Bg7 4. c4 c5 5. O-O O-O 6. d4 cxd4 7. Nxd4 Nc6 8. Nc3 Ne5 9. b3 d6 10. e4 Bd7 11. Nd5 Nxd5 12. exd5 a6 13. Bb2 b5 14. cxb5 axb5 15. h3 b4 16. Qd2 Bf5 17. f4 Qb6 18. Kh2 Nd7 19. Nxf5 gxf5 20. Bxg7 Kxg7 21.
Qd3 Kf6 22. g4 e6 23. dxe6 fxe6 24. Bxa8 Rxa8 25. gxf5 exf5 26. Qg3 Qc5 27. Rae1 Rxa2+ 28. Kh1 Qd5+ 29. Rf3 Nf8 30. Qh4+ Kg7 31. Re7+ Kg8 32. Qg5+ Ng6 33. Re8+ Kf7 34. Rf8+ Kxf8 35. Qf6+ Qf7 36. Qd8+ Kg7 37. Re3 Qd5+ 0-1

[Event "Late-Titled-Tuesday-Blitz-October-24-2023"]
[Site "Chess.com"]
[Date "2023.10.24"]
[Round "4"]
[White "Chessdreamer2020"]
[Black "AsselLesbekova"]
[Result "0-1"]
[WhiteElo "2480"]
[BlackElo "2300"]
[TimeControl "180+1"]
[EndTime "14:40:03 PDT"]
[Termination "AsselLesbekova won on time"]

1. e4 e5 2. Nf3 Nf6 3. Nc3 Nc6 4.
d4 exd4 5. Nxd4 Nxe4 6. Nxe4 Qe7 7.
f3 d5 8. Bb5 Bd7 9. Bxc6 bxc6 10. O-O dxe4 11. fxe4 O-O-O 12. Qe2 Kb8 13. Be3 Qxe4 14.
Rae1 Bc5 15. c3 f6 16. Qa6 Bb6 17. a4 Bc8 18. Qc4 Bb7 19. b4 Qd5 20. Qe2 Rhe8 21. Rf5 Qd7 22. Qf2 Re7 23. Rf1 Rde8 24. Rf3 c5 25.
bxc5 Bxf3 26. cxb6 Bb7 27. bxa7+ Ka8 28. Bf4 c5 29.
Nb5 Qc6 30. Qg3 Rc8 31. Nd6 Re2 32. Nxb7 Qxb7 33. Bb8 Rxb8 34. axb8=Q+ Qxb8 35. h3 Qb7 36. Qg4 Qe4 0-1

[Event "Late-Titled-Tuesday-Blitz-October-24-2023"]
[Site "Chess.com"]
[Date "2023.10.24"]
[Round "4"]
[White "luksona14"]
[Black "maracayo"]
[Result "0-1"]
[WhiteElo "2558"]
[BlackElo "2384"]
[TimeControl "180+1"]
[EndTime "14:40:04 PDT"]
[Termination "maracayo won by checkmate"]

1. d4 d6 2. e4 Nf6 3. Nc3 c6 4. Nf3 Qa5 5. Bd3 e5 6. O-O Be7 7. h3 O-O 8. Qe2 Nbd7 9. Be3 b5 10. a3 a6 11. Rfd1 Bb7 12. Nh4 Rfe8 13. Nf5 Bf8 14. Qf3 Qc7 15. Qg3 Kh8 16. dxe5 dxe5 17. Bg5 c5 18. f3 c4 19. Be2 Nh5 20. Qg4 Nf4 21. Bxf4 exf4 22. Bf1 Nf6 23. Qg5 Rad8 24. h4 Qe5 25.
Nh6 Qc5+ 26. Kh1 Qe7 27. Nf5 Qe6 28. h5 h6 29. Qh4 Rxd1 30. Rxd1 Qe5 31. Ne2 Kh7 32.
Nxf4 g5 33. hxg6+ fxg6 34. Nxg6 Kxg6 35. Be2 Kh7 36. Rg1 Nxe4 37. fxe4 Bxe4 38. Ng3 Qg5 39.
Qxg5 hxg5 40. Nxe4 Rxe4 41. Re1 Rh4+ 42. Kg1 Bc5+ 43. Kf1 Rh1# 0-1

[Event "Late-Titled-Tuesday-Blitz-October-24-2023"]
[Site "Chess.com"]
[Date "2023.10.24"]
[Round "4"]
[White "mishanick"]
[Black "Arseniy_Nesterov"]
[Result "0-1"]
[WhiteElo "3051"]
[BlackElo "2859"]
[TimeControl "180+1"]
[EndTime "14:40:06 PDT"]
[Termination "Arseniy_Nesterov won by checkmate"]

1. d4 d5 2. c4 e6 3. Nc3 Nf6 4. cxd5 exd5 5. Bg5 c6 6. e3 Be7 7. Bd3 O-O 8. Nf3 Re8 9. Qc2 Bg4 10. Ne5 Be6 11. O-O h6 12. Bxf6 Bxf6 13. f4 c5 14. Bh7+ Kf8 15. Bf5 Bxf5 16. Qxf5 cxd4 17. exd4 Kg8 18. Rad1 Nc6 19. Kh1 Qd6 20. Ng4 Rad8 21. Nxf6+ Qxf6 22. Qxf6 gxf6 23. Rd2 f5 24. Kg1 Kg7 25.
Rf3 Re6 26. Kf2 Ne7 27. Ne2 Ng8 28. Rg3+ Rg6 29. Rc2 Nf6 30. Rxg6+ fxg6 31. Rc7+ Rd7 32. Rc8 Ng4+ 33. Kg3 Re7 34. Ng1 Re3+ 35. Nf3 Re2 36. Rc7+ Kf6 37. Rxb7 Nf2 38. Rxa7 Ne4+ 39. Kh3 g5 40.
Ra6+ Kg7 41. fxg5 hxg5 42. Ne5 Nf2+ 43. Kg3 Ne4+ 44. Kf3 Rf2+ 45. Ke3 f4+ 46. Kd3 Rd2# 0-1

[Event "Late-Titled-Tuesday-Blitz-October-24-2023"]
[Site "Chess.com"]
[Date "2023.10.24"]
[Round "4"]
[White "cassoulet"]
[Black "vugarrasulov"]
[Result "0-1"]
[WhiteElo "2791"]
[BlackElo "3005"]
[TimeControl "180+1"]
[EndTime "14:40:06 PDT"]
[Termination "vugarrasulov won by resignation"]

1. d4 Nf6 2. Bg5 e6 3. Nd2 h6 4. Bh4 c5 5. e3 d5 6. c3 cxd4 7. exd4 Be7 8. Ngf3 Ne4 9. Bxe7 Qxe7 10. Nxe4 dxe4 11.
Nd2 f5 12. Qh5+ Qf7 13. Bb5+ Bd7 14. Qe2 O-O 15. O-O-O Bxb5 16. Qxb5 a6 17. Qb3 Nc6 18. f3 Rac8 19. Kb1 Qg6 20. fxe4 fxe4 21. Ka1 e3 22. Nf3 Kh8 23. Nh4 Qe4 24. Nf3 e2 25. Rde1 b5 26. Qa3 b4 27. cxb4 Rb8 28. b5 axb5 29.
Qc3 Ra8 30. b3 b4 31. Qd2 Rxf3 32. gxf3 Qxd4+ 33. Qxd4 Nxd4 34. Kb2 Rc8 35. Rc1 Rxc1 36. Rxc1 Nxf3 37. a4 bxa3+ 38. Kxa3 e1=Q 39. Rxe1 Nxe1 40. b4 Nc2+ 41. Kb3 Nxb4 42. Kxb4 Kh7 43. Kc5 Kg6 44. Kd4 Kf5 45. Ke3 g5 46. Kf3 h5 47.
Ke3 h4 48. Kf3 g4+ 49. Ke3 e5 50. Kd3 Kf4 51. Ke2 g3 52. h3 e4 53. Kd2 Kf3 54. Ke1 g2 0-1

[Event "Late-Titled-Tuesday-Blitz-October-24-2023"]
[Site "Chess.com"]
[Date "2023.10.24"]
[Round "4"]
[White "venturov"]
[Black "R2D2PTY"]
[Result "1-0"]
[WhiteElo "2508"]
[BlackElo "2277"]
[TimeControl "180+1"]
[EndTime "14:40:07 PDT"]
[Termination "venturov won on time"]

1. e4 e5 2. Bc4 Nc6 3. Nc3 Nf6 4. d3 Na5 5. Nge2 Bc5 6. O-O Nxc4 7. dxc4 d6 8. Qd3 h6 9. a4 a5 10. Be3 b6 11. h3 O-O 12. Rad1 Bxe3 13. Qxe3 Nd7 14.
b3 Bb7 15. Ng3 Qg5 16. Qe2 Nc5 17. Nd5 Bxd5 18. cxd5 g6 19. Rde1 f5 20. exf5 gxf5 21. f4 exf4 22. Nh5 Rae8 23. Qf3 Rxe1 24. Rxe1 Ne4 25.
Nxf4 Re8 26. Ne6 Qg6 27. c4 c6 28. Nf4 Qf6 29. dxc6 Qd4+ 30. Qe3 Qb2 31. c7 Kh7 32. Nd5 Rg8 33. Re2 Qb1+ 34. Kh2 Ng3 35. Qxg3 Rxg3 36.
c8=Q Rg7 37. Nf6+ Kg6 38. Qe6 Qf1 39. Nd5+ Kh7 40. Nf6+ Kg6 41. Ne8+ Kh7 42. Nxg7 Qf4+ 43. Kg1 1-0

[Event "Late-Titled-Tuesday-Blitz-October-24-2023"]
[Site "Chess.com"]
[Date "2023.10.24"]
[Round "4"]
[White "weakandslowchess"]
[Black "talaicito"]
[Result "1-0"]
[WhiteElo "2033"]
[BlackElo "2236"]
[TimeControl "180+1"]
[EndTime "14:40:09 PDT"]
[Termination "weakandslowchess won on time"]

1. e4 b6 2. d4 Bb7 3. Nc3 g6 4. Nf3 Bg7 5. Bc4 e6 6. O-O Ne7 7. Bg5 h6 8. Bh4 d6 9. Qd2 Nd7 10. Rad1 a6 11. Rfe1 g5 12. Bg3 Ng6 13. e5 d5 14. Bd3 c5 15. Bxg6 fxg6 16. Ne2 cxd4 17. Nexd4 Qe7 18. c4 dxc4 19. Qc2 Bd5 20. Qxg6+ Qf7 21.
Qc2 O-O 22. Re3 Rac8 23. h4 g4 24. Nh2 h5 25. Ree1 Nc5 26. Nf1 b5 27. Ne3 Nd3 28.
Nxd5 Nxe1 29. Rxe1 exd5 30. e6 Qf6 31. Be5 Qxh4 32.
Bxg7 Kxg7 33. Nf5+ Rxf5 34. Qxf5 Rf8 35. Qe5+ Kg8 36.
Re2 g3 37. fxg3 Qf6 38. e7 Qf1+ 39. Kh2 Re8 40. Re3 Qf7 41. Qg5+ Kh7 42. Re5 d4 43. Rf5 1-0

[Event "Late-Titled-Tuesday-Blitz-October-24-2023"]
[Site "Chess.com"]
[Date "2023.10.24"]
[Round "4"]
[White "karinachess1"]
[Black "Vamostodorecto"]
[Result "0-1"]
[WhiteElo "2631"]
[BlackElo "2450"]
[TimeControl "180+1"]
[EndTime "14:40:10 PDT"]
[Termination "Vamostodorecto won by resignation"]

1. d4 d5 2. c4 e5 3. dxe5 Ne7 4. Nf3 Nbc6 5. cxd5 Qxd5 6. Qxd5 Nxd5 7. a3 h6 8.
Bd2 g5 9. Nc3 Be6 10. O-O-O O-O-O 11. e3 Bg7 12. Bb5 Nxe5 13. Nd4 Nxc3 14. Bxc3 Bc4 15. Bxc4 Nxc4 16. Kc2 Nd6 17. Rhe1 Ne4 18.
f3 Nxc3 19. bxc3 Bxd4 20. cxd4 Rhe8 21. Rd3 Rd6 22. e4 f6 23. d5 c6 24. Rc3 Rxd5 25. exd5 Rxe1 26. dxc6 Re2+ 27. Kd3 Rxg2 28. Ke4 Rxh2 29. Kf5 Rf2 30. Kxf6 g4 31. Kg6 Rxf3 32. Rc4 bxc6 33. Kxh6 g3 34. a4 Kb7 35. Kg5 Rf8 36. Rc1 g2 37. Rg1 Rg8+ 38. Kf4 Kb6 39. Ke4 Rg4+ 40. Kd3 Ka5 41. Kc3 Kxa4 42. Kd3 Kb5 43.
Ke2 a5 44. Kf3 Rg8 45. Rxg2 Rxg2 46. Kxg2 Kb4 0-1

[Event "Late-Titled-Tuesday-Blitz-October-24-2023"]
[Site "Chess.com"]
[Date "2023.10.24"]
[Round "4"]
[White "DanylaBagrov"]
[Black "NateSolon"]
[Result "1-0"]
[WhiteElo "2564"]
[BlackElo "2662"]
[TimeControl "180+1"]
[EndTime "14:40:13 PDT"]
[Termination "DanylaBagrov won by resignation"]

1. d4 d5 2. c4 c6 3. Nf3 Nf6 4. Qc2 dxc4 5. Qxc4 Bf5 6. g3 e6 7. Bg2 Be7 8. O-O O-O 9. e3 Nbd7 10. Nc3 Bg6 11. Qe2 b5 12. Nd2 Rc8 13. e4 b4 14. Na4 c5 15. dxc5 Nxc5 16. Nxc5 Bxc5 17. Nb3 Bb6 18. Be3 Bxe3 19. Qxe3 Rc2 20. Rfd1 Qc7 21. Rac1 h5 22. Nc5 Rxc1 23. Rxc1 Qa5 24. e5 Ng4 25. Qd4 Rd8 26. Qc4 Rd2 27. Nb3 Qd8 28.
Nxd2 Qxd2 29. Rf1 Bd3 30. Qd4 Qe2 31. Rc1 Nxe5 32. Qxb4 Kh7 33. Qf4 f6 34. a3 Ng4 35.
Bf1 Qe4 36. Qxe4+ Bxe4 37. h3 Ne5 38. b4 Nf3+ 39. Kh1 Ne1+ 40. f3 Nxf3 41. Bg2 g5 42. Bxf3 Bxf3+ 43. Kg1 Kg6 44. b5 Be2 45. a4 e5 46. Rc7 Bd1 47. Rxa7 e4 48. Kf2 e3+ 49. Kxe3 1-0

[Event "Late-Titled-Tuesday-Blitz-October-24-2023"]
[Site "Chess.com"]
[Date "2023.10.24"]
[Round "4"]
[White "Alphafischer2019"]
[Black "Arash_Tahbaz"]
[Result "1/2-1/2"]
[WhiteElo "2610"]
[BlackElo "2878"]
[TimeControl "180+1"]
[EndTime "14:40:15 PDT"]
[Termination "Game drawn by repetition"]

1. e4 g6 2. d4 Bg7 3. Nc3 d6 4. Be3 Nd7 5. Qd2 a6 6. a4 b6 7. h4 h6 8. Bc4 Bb7 9. Nge2 Ngf6 10. f3 e5 11. d5 Qe7 12. g4 h5 13. g5 Nh7 14.
Ng3 O-O 15. Be2 Kh8 16. O-O-O f6 17. gxf6 Bxf6 18. Bf2 b5 19. a5 Nc5 20. Rdg1 Rf7 21.
Nf1 Rg8 22. Rg2 Qd8 23. Rhg1 Rfg7 24. Qh6 Bxh4 25. Bxh4 Qxh4 26. Rxg6 Rxg6 27. Rxg6 Qe1+ 28. Bd1 Rxg6 29. Qxg6 Qxf1 30. Qe8+ Kg7 31. Qe7+ Kg6 32. Qxc7 Qf2 33. Qxd6+ Nf6 34. Qxe5 Qe3+ 35. Kb1 b4 36. Qf5+ Kg7 37. e5 Nxd5 38. Nxd5 Bxd5 39. Qf6+ Kg8 40. Qg6+ Kh8 41. Qf6+ Kh7 42. c3 b3 43. Qf5+ Kh6 44.
Qf6+ Kh7 45. Qf5+ Kg7 46. Qf6+ Kg8 47. Qg6+ Kh8 48. Qf6+ Kh7 1/2-1/2

[Event "Late-Titled-Tuesday-Blitz-October-24-2023"]
[Site "Chess.com"]
[Date "2023.10.24"]
[Round "4"]
[White "Kostukov_Alex"]
[Black "ellatambien"]
[Result "0-1"]
[WhiteElo "2427"]
[BlackElo "2645"]
[TimeControl "180+1"]
[EndTime "14:40:15 PDT"]
[Termination "ellatambien won on time"]

1. g3 h5 2. Nf3 d5 3. d4 Bf5 4. Bg2 e6 5. c4 c6 6. Qb3 Qb6 7. Nc3 Be7 8. c5 Qxb3 9. axb3 Na6 10. Ra4 Bc2 11. Nd2 h4 12. O-O Nf6 13. e4 dxe4 14. Ndxe4 Nc7 15. Bf4 Bxe4 16. Nxe4 Ncd5 17. Nd6+ Bxd6 18. Bxd6 a6 19. Re1 O-O-O 20. Raa1 g5 21.
Be5 Rh6 22. Rad1 Rg8 23. Kf1 Kd7 24. Bf3 g4 25. Be4 Nxe4 26. Rxe4 hxg3 27. Bxg3 f5 28. Re5 f4 29. Rxd5+ exd5 30. Bxf4 Rf6 31. Be3 Rf3 32. Kg2 Re8 33. Rd3 Re4 34. b4 Ke6 35. Ra3 Kf5 36. Rc3 Re6 37. Ra3 Re4 38. Rc3 Re8 39.
Ra3 Rh8 40. Ra1 Rfh3 41. Rh1 Ke4 42. Kf1 Kd3 43. Rg1 Rg8 44. Bf4 Rf3 45. Bg3 Kxd4 46.
Kg2 Kc4 47. Re1 Rf7 48. Re3 Kxb4 49. Bd6 Kc4 50. Rc3+ Kb4 51. Re3 d4 52. Re4 Kc4 53. Be5 Rd7 54. Bd6 a5 55. Kg3 b6 0-1

[Event "Late-Titled-Tuesday-Blitz-October-24-2023"]
[Site "Chess.com"]
[Date "2023.10.24"]
[Round "4"]
[White "wild3000"]
[Black "dedpihto_v_kozhanom_palto"]
[Result "0-1"]
[WhiteElo "2392"]
[BlackElo "2641"]
[TimeControl "180+1"]
[EndTime "14:40:15 PDT"]
[Termination "dedpihto_v_kozhanom_palto won by checkmate"]

1. e4 g6 2. Nf3 Bg7 3. d4 d6 4.
g3 Nc6 5. Bg2 Bg4 6. c3 Nf6 7. Qd3 O-O 8. O-O Qc8 9. Re1 e5 10. d5 Ne7 11. c4 Nd7 12. Nfd2 a5 13. f3 Nc5 14. Qc2 Bh3 15. Nc3 Bxg2 16. Kxg2 f5 17.
Nf1 fxe4 18. Nxe4 Nf5 19. Nxc5 dxc5 20. Be3 b6 21. Rad1 Nd6 22. Bf2 Qf5 23. Qxf5 gxf5 24.
Nd2 Rae8 25. Re2 Bh6 26. b3 Rf7 27. Rde1 Rfe7 28. Nb1 Kf7 29. Nc3 Bg5 30. h4 Bf6 31. Nd1 h5 32. Be3 Rg8 33. Kh3 Kf8 34. Nf2 Ke8 35.
Bg5 Kf7 36. Nd3 e4 37. Nf4 Bxg5 38. hxg5 Rxg5 39. Kh4 Rg8 40. Nxh5 Kg6 41. g4 fxg4 42. fxg4 Rf7 43. Kg3 Rgf8 44. Re3 Kg5 45. Kg2 Rf2+ 46. Kg1 Rxa2 47. Ng3 Rff2 48. Nxe4+ Nxe4 49. Rxe4 Rg2+ 50. Kf1 Raf2# 0-1

[Event "Late-Titled-Tuesday-Blitz-October-24-2023"]
[Site "Chess.com"]
[Date "2023.10.24"]
[Round "4"]
[White "Dacean99"]
[Black "giomar27"]
[Result "0-1"]
[WhiteElo "2577"]
[BlackElo "2385"]
[TimeControl "180+1"]
[EndTime "14:40:15 PDT"]
[Termination "giomar27 won by checkmate"]

1. d4 Nf6 2. Nf3 c5 3. d5 b5 4.
a4 b4 5. g3 d6 6. Bg2 Bb7 7. c4 bxc3 8. Nxc3 g6 9. O-O Bg7 10.
e4 O-O 11. Nd2 Na6 12. Re1 Nd7 13. Nc4 Nb4 14. Bg5 h6 15. Be3 Ba6 16. Nb5 Qb8 17. Na5 Bxb5 18. axb5 Qxb5 19. Bf1 Qb6 20. Qd2 Ne5 21. Kg2 Ng4 22. Nc4 Qc7 23. Rec1 Nxe3+ 24. Qxe3 f5 25. exf5 Rxf5 26. Qe6+ Kh7 27. Ne3 Rf6 28. Qe4 Qb7 29. h4 Raf8 30. Ng4 Rf5 31. Bc4 h5 32. Ne3 Rxf2+ 33. Kh1 Qd7 34. g4 R2f4 35.
Qg2 Bd4 36. Ra3 Bxe3 37. Rxe3 Rxg4 38. Qh3 Rff4 39. Rce1 Rxh4 40. Rxe7+ Qxe7 41. Rxe7+ Kh6 42. Bf1 Rxf1+ 43. Kg2 Rxh3 44. Kxf1 Rf3+ 45. Ke2 Rf5 46. Rxa7 Nxd5 47. Rd7 Nf4+ 48. Kd2 d5 49. b4 cxb4 50. Rb7 h4 51. Rxb4 h3 52. Rb1 h2 53.
Rh1 Rh5 54. Ke3 g5 55. Kf3 d4 56. Kg4 Rh4+ 57. Kg3 d3 58. Kf3 d2 59. Kg3 d1=Q 60. Rxd1 h1=Q 61. Rd6+ Ng6 62. Rxg6+ Kxg6 63. Kf2 Qh2+ 64. Ke3 Qg3+ 65. Ke2 Rh2+ 66. Kf1 Qf2# 0-1

[Event "Late-Titled-Tuesday-Blitz-October-24-2023"]
[Site "Chess.com"]
[Date "2023.10.24"]
[Round "4"]
[White "GlavkonVVS"]
[Black "Andrei_Skvortsov"]
[Result "0-1"]
[WhiteElo "2522"]
[BlackElo "2665"]
[TimeControl "180+1"]
[EndTime "14:40:17 PDT"]
[Termination "Andrei_Skvortsov won on time"]

1. c4 g6 2. Nc3 Bg7 3. d4 e6 4. Nf3 Ne7 5. Bg5 h6 6. Bh4 g5 7. Bg3 d6 8. e4 Nd7 9. Be2 a6 10. d5 e5 11. Nd2 Ng6 12. Nf1 Nf4 13. Ne3 Nf6 14. h4 Bd7 15. hxg5 hxg5 16. Rxh8+ Bxh8 17. Bf3 b5 18. Qc2 bxc4 19. Nxc4 g4 20. Bxf4 gxf3 21. Bg5 fxg2 22. O-O-O Qb8 23. f3 Qb4 24. Ne3 O-O-O 25. Qxg2 Rg8 26. Rh1 Ne8 27. Qd2 Qc5 28. Nf5 Bxf5 29. exf5 Bf6 30. Be3 Qa5 31. a3 Bd8 32. Rh7 Ng7 33. Qd3 Kb7 34. Bh6 Ne8 35. Rxf7 Rg1+ 36. Kc2 Rg2+ 37. Kb1 Nf6 38. Qc4 Qb6 39. Bc1 Kc8 40. Rf8 Nd7 41. Rh8 Nc5 42. Ne4 Nb3 43. Qb4 Qxb4 44. axb4 Rg1 45. f6 Kd7 0-1

[Event "Late-Titled-Tuesday-Blitz-October-24-2023"]
[Site "Chess.com"]
[Date "2023.10.24"]
[Round "4"]
[White "zverr1"]
[Black "Veleamater"]
[Result "0-1"]
[WhiteElo "2492"]
[BlackElo "2340"]
[TimeControl "180+1"]
[EndTime "14:40:17 PDT"]
[Termination "Veleamater won by checkmate"]

1. e4 d6 2. d4 g6 3. Nc3 Bg7 4.
Be3 Nf6 5. h3 O-O 6. Nge2 Nc6 7.
g4 e5 8. Bg2 Nd7 9. O-O Nb6 10.
b3 h6 11. Qd2 Kh7 12. f4 exf4 13. Bxf4 f5 14. exf5 gxf5 15. g5 hxg5 16. Bxg5 Qe8 17.
Rae1 Rg8 18. d5 Ne5 19. Nf4 Qf7 20. Ne6 Bxe6 21. dxe6 Qg6 22. Rxf5 Bh6 23. Rexe5 dxe5 24. Rf7+ Kh8 25. Bxh6 Qxe6 26. Rxc7 Rg6 27. Be3 Rag8 28. Ne4 Rxg2+ 29. Qxg2 Rxg2+ 30. Kxg2 Qg6+ 31. Ng3 Nd5 32. Rc8+ Kh7 33. Bd2 e4 34. Kf2 e3+ 35. Bxe3 Nxe3 36.
Kxe3 Qxg3+ 37. Kd2 Qxh3 38. Rc7+ Kg6 39. Kc1 Qg2 40.
Kb2 Kf6 41. a4 Ke6 42. Rc4 Kd6 43. Rc3 b6 44. Rc4 a5 45. Kb1 Qd2 46. Kb2 Kd5 47.
Kb1 Qd1+ 48. Kb2 Qe2 49. Kb1 Qxc4 50. bxc4+ Kxc4 51. Ka2 Kb4 52. Kb2 Kxa4 53. Ka2 Kb4 54. Kb2 Kc4 55. Ka3 Kc3 56. Ka4 Kxc2 57. Ka3 b5 58. Ka2 b4 59. Ka1 a4 60. Ka2 b3+ 61.
Ka3 b2 62. Ka2 b1=Q+ 63. Ka3 Qb3# 0-1

[Event "Late-Titled-Tuesday-Blitz-October-24-2023"]
[Site "Chess.com"]
[Date "2023.10.24"]
[Round "4"]
[White "Darko-Dimitrijevic"]
[Black "Road2GM3000"]
[Result "0-1"]
[WhiteElo "2112"]
[BlackElo "2364"]
[TimeControl "180+1"]
[EndTime "14:40:17 PDT"]
[Termination "Road2GM3000 won on time"]

1. e4 e5 2. Nf3 Nc6 3. Bb5 Nf6 4. O-O a6 5. Ba4 b5 6. Bb3 d6 7. Re1 Be7 8. h3 O-O 9. c3 Nb8 10. d4 exd4 11. cxd4 c5 12. Nc3 Bb7 13. d5 Nbd7 14.
Bf4 Re8 15. Qd2 Nf8 16. Rad1 Ng6 17. Bh2 Nd7 18. a4 b4 19. Nb1 Nde5 20. Nxe5 Nxe5 21.
f4 Nd7 22. Qf2 Nb6 23. Nd2 a5 24. Nc4 Nxc4 25. Bxc4 Bf6 26. Qc2 Bd4+ 27. Kh1 Ba6 28. b3 Bxc4 29. Qxc4 Qh4 30. Re2 Re7 31. Rde1 Rae8 32. Qa6 h6 33. Qxd6 Bf2 34. Rf1 Bd4 35.
e5 c4 36. bxc4 b3 37. Qa3 Qh5 38. Rfe1 Bc3 39. Qxb3 Bxe1 40. Rxe1 Qh4 41. Qc3 Rb7 42.
d6 Qf2 43. Qe3 Qc2 44. c5 Rb2 45. Qf3 Qxc5 46. f5 Rbb8 47. e6 fxe6 48. fxe6 Qc4 0-1

[Event "Late-Titled-Tuesday-Blitz-October-24-2023"]
[Site "Chess.com"]
[Date "2023.10.24"]
[Round "4"]
[White "mbojan"]
[Black "shimastream"]
[Result "1/2-1/2"]
[WhiteElo "2780"]
[BlackElo "2976"]
[TimeControl "180+1"]
[EndTime "14:40:18 PDT"]
[Termination "Game drawn by repetition"]

1. Nf3 d5 2. g3 Bg4 3. Bg2 Nd7 4. d4 e6 5. O-O c6 6. h3 Bh5 7. c4 Bd6 8. cxd5 exd5 9. Nh4 Ne7 10. f4 f6 11. Nc3 O-O 12. g4 Bf7 13. Qd3 Nb6 14. b3 Re8 15. Bb2 Ng6 16. Nxg6 Bxg6 17. f5 Bf7 18. e4 Bc7 19. Rae1 Qd6 20. e5 fxe5 21.
dxe5 Qc5+ 22. Kh1 Bxe5 23. Na4 Qd6 24. Rxe5 Rxe5 25. Nc5 d4 26. Nxb7 Qd7 27. Qxd4 Qxd4 28. Bxd4 Re2 29. Bxc6 Rc8 30. Bf3 Rd2 31. Be5 Bd5 32.
Bxd5+ Nxd5 33. Nd6 Rcc2 34. Nc4 Re2 35. Bg3 Rxa2 36.
Rd1 Ne3 37. Rd8+ Kf7 38. Ne5+ Kf6 39. Rd6+ Ke7 40. Nc6+ Kf7 41. Rd7+ Kf6 42. Bh4+ g5 43. Rd6+ Kg7 44. Rd7+ Kf8 45. Rd8+ Kf7 46. Rd7+ Ke8 47. Rd8+ Kf7 48. Rd7+ Ke8 49. Rd8+ Kf7 1/2-1/2

[Event "Late-Titled-Tuesday-Blitz-October-24-2023"]
[Site "Chess.com"]
[Date "2023.10.24"]
[Round "4"]
[White "Gogolev_Artemy"]
[Black "ozates"]
[Result "1-0"]
[WhiteElo "2410"]
[BlackElo "2679"]
[TimeControl "180+1"]
[EndTime "14:40:19 PDT"]
[Termination "Gogolev_Artemy won by resignation"]

1. c4 e5 2. Nc3 Nf6 3. Nf3 Nc6 4. g3 Bb4 5. Nd5 Bc5 6. Bg2 d6 7. O-O Nxd5 8. cxd5 Ne7 9. d4 exd4 10. Nxd4 O-O 11. a3 a6 12. b4 Bb6 13. Bb2 Ng6 14. e4 Re8 15. Kh1 Ne5 16. Rc1 Bg4 17. f3 Bd7 18.
h3 Bb5 19. Nf5 Bxf1 20. Qxf1 f6 21. Nd4 Qd7 22. Ne6 Rxe6 23. dxe6 Qxe6 24. f4 Nc6 25. Qd3 Rd8 26. Rd1 Kh8 27. g4 h6 28. Qd5 Re8 29.
Qh5 Kg8 30. e5 Qf7 31. Bd5 Re6 32. Qxf7+ Kxf7 33. exf6 gxf6 34. f5 Ke7 35. fxe6 Ne5 36. Bxe5 fxe5 37. Rf1 c6 38. Rf7+ Ke8 39. Bb3 d5 40.
Rxb7 Be3 41. Rc7 d4 42. Rxc6 d3 43. Rd6 Bd4 44. Rd5 Ke7 45. Rxd4 exd4 46. Kg2 d2 47.
Kf2 d1=Q 48. Bxd1 Kxe6 49. Ke2 Kd5 50. Kd3 Ke5 51. h4 Kf4 52. g5 hxg5 53. hxg5 Kxg5 54. Kxd4 1-0

[Event "Late-Titled-Tuesday-Blitz-October-24-2023"]
[Site "Chess.com"]
[Date "2023.10.24"]
[Round "4"]
[White "NowInChess"]
[Black "GiorgianBarbosa"]
[Result "0-1"]
[WhiteElo "2189"]
[BlackElo "2435"]
[TimeControl "180+1"]
[EndTime "14:40:19 PDT"]
[Termination "GiorgianBarbosa won on time"]

1. e4 c5 2. d3 g6 3. g3 Bg7 4. Bg2 Nc6 5. f4 d6 6. Nf3 e6 7. O-O Nge7 8. c3 O-O 9. Be3 Rb8 10. d4 cxd4 11. cxd4 b6 12. Nc3 Bb7 13. Qd2 a6 14.
Rac1 Rc8 15. Qf2 d5 16. e5 Nf5 17. g4 Nxe3 18. Qxe3 Ne7 19. Nh4 Bh6 20. g5 Bg7 21. Bh3 b5 22. Nf3 Qb6 23. Nd2 Rc7 24. Nb3 Rfc8 25. Ne2 Bf8 26. Rxc7 Rxc7 27. Rc1 Rxc1+ 28.
Nexc1 Nc6 29. Nd3 a5 30. Nbc5 Bc8 31. Bf1 b4 32. Be2 Ba6 33. Kf2 Bxd3 34. Bxd3 Nxd4 35. Nd7 Qa7 36. Nxf8 Kxf8 37. Kg2 Nc6 38. Qc1 Qb6 39. Qc2 Kg7 40. h4 Nd4 41. Qf2 Qc5 42. h5 a4 43.
h6+ Kf8 44. Kh3 Ke7 45. Kg2 Kd7 46. Kh3 Kc6 47. Kg2 a3 48. b3 Nb5 0-1